 Dungeon Crawl Stone Soup version 0.31-a0-1611-g890cdf5628 (webtiles) character file.

Game seed: 14728874058382486209

941 snarfax the Ducker (level 7, -3/36 HPs)
             Began as a Deep Elf Summoner on Dec 22, 2023.
             Slain by an orc warrior
             ... wielding a +0 halberd
              (11 damage)
             ... on level 6 of the Dungeon on Jan 8, 2024.
             The game lasted 00:24:20 (4508 turns).

snarfax the Ducker (Deep Elf Summoner)              Turns: 4508, Time: 00:24:20

Health: -3/36      AC:  3    Str:  5    XL:     7   Next: 88%
Magic:  18/18      EV: 17    Int: 22    God:
Gold:   221        SH:  0    Dex: 19    Spells: 7/18 levels left

rFire   + . .        k - staff of the Fool {rElec rF+ Will+ Dex+4 Fire}
rCold   . . .        (no shield)
rNeg    + . .        a - +1 robe
rPois   .            (no helmet)
rElec   +            (no cloak)
rCorr   .            (no gloves)
SInv    .            (no boots)
Will    +....        (no amulet)
Stlth   +++          i - ring of positive energy
HPRegen 0.26/turn    (no ring)
MPRegen 0.16/turn

%: no passive effects
@: no status effects
A: no striking features
a: no special abilities


You were on level 6 of the Dungeon.
You visited 1 branch of the dungeon, and saw 6 of its levels.

You collected 221 gold pieces.

Inventory:

Hand Weapons
 d - a +0 dagger
 h - a +1 heavy war axe
 l - a +0 rapier
 m - a +0 spear
 q - a +0 hand axe of flaming
Missiles
 c - 12 boomerangs (quivered)
Armour
 a - a +1 robe (worn)
Magical Staves
 k - the staff of the Fool (weapon) {rElec rF+ Will+ Dex+4 Fire}
   (You acquired it on level 5 of the Dungeon)

   [staff of fire]

   Base accuracy: +5 Base damage: 5 Base attack delay: 1.2 This weapon's minimum
   attack delay (0.6) is reached at skill level 12.
   Dex+4:     It affects your dexterity (+4).
   rF+:       It protects you from fire.
   rElec:     It insulates you from electricity.
   Will+:     It increases your willpower.
   Fire:      It increases the power of your Fire spells.
   It falls into the 'Staves' category.
   It is a one-handed weapon.
Jewellery
 i - a ring of positive energy (left hand)
Scrolls
 e - a scroll of enchant weapon
 j - a scroll of poison
 t - a scroll of immolation
Potions
 b - a potion of magic
 f - a potion of resistance
 n - a potion of berserk rage {unknown}
 o - a potion of brilliance {unknown}
 p - a potion of curing
 r - a potion of attraction
 s - a potion of heal wounds


   Skills:
 * Level 7.5 Dodging
 - Level 5.0 Stealth
 + Level 6.2 Spellcasting
 + Level 6.3 Summonings


You had 7 spell levels left.
You knew the following spells:

 Your Spells              Type           Power      Damage    Failure   Level
a - Summon Small Mammal   Summ           100%       N/A       1%          1
b - Call Imp              Summ           68%        N/A       1%          2
c - Call Canine Familiar  Summ           34%        N/A       1%          3
d - Shock                 Conj/Air       24%        1d4       9%          1
e - Summon Lightning Spi  Summ/Air       20%        N/A       24%         4

Your spell library contained the following spells:

 Spells                   Type           Power      Damage    Failure   Level
 Sting                    Conj/Alch      24%        1d4       9%          1
 Mercury Vapours          Alch/Air       12%        N/A       14%         2
 Summon Blazeheart Golem  Fire/Summ      31%        N/A       24%         4
 Swiftness                Air            6%         N/A       26%         3
 Airstrike                Air            3%         2d(1-17)  65%         4
 Olgreb's Toxic Radiance  Alch           6%         N/A       65%         4


Dungeon Overview and Level Annotations

Branches:
Dungeon (6/15)
 Temple: D:4-7

Altars:
Fedhas
Wu Jian

Annotations:
D:3 1 runed translucent door, LeprechaunX's ghost, amateur OpSh


Message History

There is a stone staircase leading up here.
The orc wizard shouts!
The orc warrior shouts!
The orc shouts! x2
The orc warrior completely misses you.
The orc wizard gestures at you while chanting.
You resist with almost no effort. The orc warrior closely misses you.
You climb upwards.
There is a stone staircase leading down here.
You hit the orc but do no damage. The orc closely misses you.
You hit the orc but do no damage. The orc hits you with a +0 dagger.
You closely miss the orc. The orc barely misses you.
Casting: Call Imp (safe; 1% risk of failure)
Confirm with . or Enter, or press ? or * to list all spells.
You call for your canine familiar and it appears with a howl!
The orc hits you with a +0 dagger.
You swap places.
The orc hits you but does no damage.
Your inugami barely misses the orc.
Your inugami hits the orc!
The orc dies!
You swap places.
Things that are here:
a +0 dagger; a +0 leather armour You start resting.
HP restored.
There is a stone staircase leading down here.
You climb downwards.
Your summoned ally is left behind.
The orc warrior hits you from afar with a +0 halberd!
There is a stone staircase leading up here.
The orc throws a boomerang.
The boomerang misses you.
The orc wizard gestures at you while chanting.
The magic dart hits you!
An ice beast comes into view.
The orc throws a boomerang.
The boomerang barely misses you.
The orc warrior attacks as it pursues you!
The orc warrior hits you from afar with a +0 halberd!
* * * LOW HITPOINT WARNING * * *
As you read the scroll of fog, it dissolves into smoke.
The orc wizard barely misses you. The orc warrior misses you.
The orc warrior attacks as it pursues you!
The orc warrior hits you from afar with a +0 halberd!
You die...

######### ........#
........# ........#
#########
........#####§.......
........o.§##@##
.....$.<..§oo§§#
..........§##§§#
...........# §§#
...........+ ..#
...........# #..
........)... ...
###.###.....# .Y## #.
#+#...# #..


You could see an orc warrior and an orc wizard.

Vanquished Creatures
  A phantom (D:4)
  A hound (D:5)
  An iguana (D:4)
  3 adders
  An orc (D:5)
  5 bats
  4 endoplasms
  A giant cockroach (D:4)
  4 goblins
  5 hobgoblins
  A jackal (D:1)
  A quokka (D:3)
  7 ball pythons
  3 frilled lizards
  5 kobolds
  3 rats
46 creatures vanquished.

Vanquished Creatures (collateral kills)
  Sigmund (D:4)
  An ogre (D:5)
  3 scorpions
  2 jellies (D:5)
  A hound (D:4)
  3 orc priests (D:5)
  An iguana (D:4)
  A sleepcap (D:5)
  3 adders
  4 dart slugs
  2 ribbon worms
  6 orcs (D:5)
  3 bats
  4 endoplasms
  2 goblins (D:2)
  A hobgoblin (D:1)
  A jackal (D:1)
  4 quokkas
  A ball python (D:1)
44 creatures vanquished.

Grand Total: 90 creatures vanquished

Notes
Turn   | Place    | Note
-------+----------+-------------------------------------------
     0 | D:1      | snarfax the Deep Elf Summoner began the quest for the Orb.
     0 | D:1      | Reached XP level 1. HP: 10/10 MP: 6/6
   119 | D:1      | Upgraded the game from 0.31-a0-1338-gb567cfdca4 to
                  | 0.31-a0-1611-g890cdf5628
   134 | D:1      | Reached XP level 2. HP: 15/15 MP: 8/8
   145 | D:1      | Learned a level 2 spell: Call Imp
   376 | D:1      | Reached skill level 3 in Dodging
   825 | D:2      | Reached XP level 3. HP: 18/19 MP: 9/9
   829 | D:2      | Learned a level 3 spell: Call Canine Familiar
  1689 | D:3      | Reached XP level 4. HP: 23/24 MP: 11/11
  1766 | D:3      | Found a runed translucent door.
  1766 | D:3      | Noticed LeprechaunX's ghost (amateur OpSh)
  1864 | D:3      | Found an ornate altar of the Wu Jian Council.
  2085 | D:4      | Noticed a phantom
  2096 | D:4      | Killed a phantom
  2097 | D:4      | Reached skill level 4 in Dodging
  2097 | D:4      | Reached skill level 5 in Summonings
  2097 | D:4      | Reached XP level 5. HP: 28/28 MP: 7/13
  2227 | D:4      | Found a blossoming altar of Fedhas.
  2510 | D:4      | Identified a scroll of acquirement
  2846 | D:4      | Noticed Sigmund
  2862 | D:4      | Killed Sigmund
  2863 | D:4      | Reached skill level 5 in Dodging
  2863 | D:4      | Reached XP level 6. HP: 32/32 MP: 8/15
  2938 | D:4      | Reached skill level 5 in Spellcasting
  3413 | D:5      | Entered Level 5 of the Dungeon
  3418 | D:5      | Reached skill level 6 in Dodging
  3418 | D:5      | Reached skill level 5 in Stealth
  3418 | D:5      | Reached XP level 7. HP: 33/36 MP: 16/16
  3689 | D:5      | Acquired the staff of the Fool {rElec rF+ Will+ Dex+4 Fire}
  3976 | D:5      | Reached skill level 7 in Dodging
  4458 | D:5      | Learned a level 1 spell: Shock
  4463 | D:5      | Learned a level 4 spell: Summon Lightning Spire
  4508 | D:6      | Slain by an orc warrior

Illustrated notes

Levels and vault maps discovered:
D:1:      elethiomel_arrival_infinity_welcomes_careful_drivers, layout_rooms
D:2:      layout_basic
D:3:      layout_loops_ring, pdpol_wu_jian_five_deadly_venoms,
          ebering_ghost_inner_flame, chequers_mini_garden
D:4:      layout_loops_corners, fedhas_altar_1, uniq_sigmund
D:5:      layout_basic
D:6:      layout_basic, nicolae_overflow_hallway_of_the_gods,
          grunt_temple_overflow_cloverleaf, minmay_temple_entry_arrows,
          uniq_grinder

Skill      XL: |  1  2  3  4  5  6  7 |
---------------+----------------------+-----
Dodging        | 3 4 5 6 7 |  7.5
Stealth        | 3 4 5 |  5.0
Spellcasting   | 4 5 6 |  6.2
Summonings     | 5 6 |  6.3

Action                     |  1- 3 |  4- 6 |  7- 9 || total
---------------------------+-------+-------+-------++-------
  Melee: Dagger            |    23 |       |       ||    23
         Unarmed           |     3 |       |       ||     3
         War axe           |    51 |    40 |     8 ||    99
         Punch             |     1 |       |     2 ||     3
         Staff             |       |       |    21 ||    21
  Throw: Boomerang         |     2 |       |       ||     2
   Cast: Summon Small Mamm |    11 |     5 |    17 ||    33
         Call Imp          |     6 |     8 |     9 ||    23
         Call Canine Famil |     2 |     8 |     7 ||    17
    Use: Scroll            |     9 |     3 |     6 ||    18
         Potion            |       |       |     1 ||     1
   Stab: Sleeping          |     9 |     5 |     2 ||    16
         Distracted        |     1 |       |       ||     1
 Armour: Robe              |    45 |    43 |    22 ||   110
  Dodge: Dodged            |    53 |    49 |    35 ||   137

Table legend: (Time is in decaauts)
 A = Elapsed time spent in this place.
 B = Non-inter-level travel time spent in this place.
 C = Inter-level travel time spent in this place.
 D = Time resting spent in this place.
 E = Time spent auto-exploring this place.
 F = Levels seen in this place.
 G = Mean time per level.
                   A        B        C        D        E       F      G
               +--------+--------+--------+--------+--------+-----+--------+
         Total |   4604 |   4508 |     96 |    145 |   3342 |   6 |  767.3 |
       Dungeon |   4604 |   4508 |     96 |    145 |   3342 |   6 |  767.3 |
               +--------+--------+--------+--------+--------+-----+--------+

Top non-repeatable levels by time:
     D:4: 1413 daAuts
     D:5: 1100 daAuts
     D:2: 725 daAuts
     D:1: 706 daAuts
     D:3: 647 daAuts
     D:6: 11 daAuts
